 Dungeon Sprint DCSS version bcrawl-1.19.1 (webtiles) character file.

Game seed: 16229891299260520396

0 MordorOrchid the Firebug (level 3, 0/21 HPs)
             Began as a Fairy Fire Elementalist on Dec 6, 2019.
             Was an Initiate of Gozag.
             Slain by a quasit (1 damage)
             ... in the Dungeon (Sprint VI: "Thunderdome").
             The game lasted 00:01:06 (160 turns).

MordorOrchid the Firebug (Fairy Fire Elementalist)   Turns: 160, Time: 00:01:07

Health: 0/21       AC:  4    Str:  6    XL:     3   Next: 54%
Magic:  0/10       EV:  3    Int: 26    God:    Gozag
Gold:   65         SH:  0    Dex: -2 (12) Spells: 9/10 levels left

rFire    x . .     SeeInvis .   (weapon restricted)
rCold    . . .     Gourm    .   (shield restricted)
rNeg     + + +     Faith    .   (armour unavailable)
rPois    .         Spirit   +   (no helmet)
rElec    +         Reflect  .   (no cloak)
rCorr    .         Harm     .   (no gloves)
MR       .....     NoTele   +   (no boots)
Stlth    ..........             m - amulet of Arrival {Spirit *Drain rElec Int+4}
HPRegen  0.07/turn              n - ring "Meseubb" {rC- rN++ EV-2} (curse)
MPRegen  0.12/turn              o - ring of the Bouncing Scars {Ice *Drain rN++ Int+3}

@: flying evasively, slowed, lost dexterity, very slow
A: small, magic attunement, unstealthy, unfitting armour, able to fly, AC/SH +4
a: Stop Flying, Potion Petition, Call Merchant, Bribe Branch, Renounce Religion


You were in the Dungeon.
You worshipped Gozag.
Gozag was noncommittal.
You were not hungry.

You visited 1 branch You collected 200 gold pieces.
You spent 135 gold pieces at shops.

Inventory:

Missiles
 b - 40 stones (quivered)
Jewellery
 m - the amulet of Arrival (around neck) {Spirit *Drain rElec Int+4}
   (You bought it in a shop in the Dungeon)

   [amulet of guardian spirit]

   It causes incoming damage to be split between your health and magic.
   It affects your intelligence (+4).
   It insulates you from electricity.
   It causes draining when unequipped.
 n - the cursed ring "Meseubb" (left hand) {rC- rN++ EV-2}
   (You bought it in a shop in the Dungeon)

   [ring of evasion]

   It affects your evasion (-2).
   It makes you vulnerable to cold.
   It greatly protects you from negative energy.
   It has a curse placed upon it.
 o - the ring of the Bouncing Scars (right hand) {Ice *Drain rN++ Int+3}
   (You bought it in a shop in the Dungeon)

   [ring of ice]

   It enhances your ice magic.
   It affects your intelligence (+3).
   It makes you vulnerable to fire.
   It protects you from cold.
   It greatly protects you from negative energy.
   It causes draining when unequipped.
Wands
 a - a wand of acid (3)
 j - a wand of iceblast (5)
Scrolls
 i - 4 scrolls of blinking
 k - 3 scrolls of fog
Potions
 d - a potion of curing
 e - 4 potions of heal wounds
 f - 4 potions of haste
 g - 2 potions of magic
 h - a potion of berserk rage
 l - a potion of resistance
Comestibles
 c - a ration {!d}


   Skills:
 + Level 4.2 Dodging
 + Level 2.4 Stealth
 + Level 4.2 Spellcasting
 + Level 1.4 Conjurations
 + Level 6.9 Fire Magic


You had 9 spell levels left.
You knew the following spells:

 Your Spells              Type           Power        Failure   Level  Hunger
a - Flame Tongue          Conj/Fire      ####.        1%          1    None

Your spell library contained the following spells:

 Spells                   Type           Power        Failure   Level  Hunger
 Flaming Arrows           Chrm/Fire      ###.....     3%          2    None
 Conjure Flame            Conj/Fire      ####....     4%          3    None
 Inner Flame              Hex/Fire       N/A          6%          3    None
 Sticky Flame             Conj/Fire      ####....     14%         4    None
 Fireball                 Conj/Fire      ####......   38%         5    None


Dungeon Overview and Level Annotations

Branches:
Dungeon (1/1)

Altars:
Cheibriados
Dithmenos
Fedhas
Gozag
Kikubaaqudgha
Lugonu
Makhleb
Okawaru
Qazlal
Ru
Sif Muna
Trog
Uskayaw
Vehumet
Wu Jian
Xom
Yredelemnul
Zin
The Shining One
Beogh
Jiyva

Shops:
D *[%??*?*:[((!!!!


Innate Abilities, Weirdness & Mutations

Your spells do not cause hunger and MP costs are reduced by 1.
Your bright wings attract enemies. (Stealth-)
You cannot fit into any form of body armour.
Your shimmering scales are hard and can block incoming attacks. (AC +4, SH +4)
You are small and have problems with some larger weapons.
You can fly continuously.


Message History

You feel clumsy.
The quasit bites you but does no damage.
The quasit claws you.
The quasit claws you but does no damage.
Unknown command.
The quasit bites you but does no damage.
The quasit claws you.
* * * LOW HITPOINT WARNING * * *
The quasit claws you but does no damage.
The quasit bites you but does no damage.
The quasit claws you but does no damage. x2
Unknown command.
The quasit bites you.
* * * LOW HITPOINT WARNING * * *
The quasit claws you.
* * * LOW HITPOINT WARNING * * *
The quasit claws you but does no damage.
The quasit bites you.
You die...
Your body crumbles into a pile of gold.

#_......._#
###.........###
#⌠...........⌠#
######.8.........8.#
##∩___......###......
###∩........8.# #.8....
##.............###......
#⌠..........###...###...
#⌠.....@....# #.<.# #...
#⌠.....5....###...###...
##.............###......
###∩........8.# #.8....
##∩___......###......
######.8.........8.#
#⌠...........⌠#
###.........###
#_......._#


You could see a quasit.

Vanquished Creatures
  An iron imp (D)
  2 white imps (D)
3 creatures vanquished.

Notes
Turn   | Place    | Note
-------+----------+-------------------------------------------
     0 | D        | MordorOrchid the Fairy Fire Elementalist began the quest
                  | for the Orb.
     0 | D        | Reached XP level 1. HP: 11/11 MP: 6/6
     1 | D        | Found a stormy altar of Qazlal.
     1 | D        | Found a sacrificial altar of Ru.
     2 | D        | Found a radiant altar of Vehumet.
     2 | D        | Found a shimmering altar of Xom.
     3 | D        | Found a viscous altar of Jiyva.
     3 | D        | Found a basalt altar of Yredelemnul.
     4 | D        | Found Biet's Delicious Food.
     4 | D        | Found a shadowy altar of Dithmenos.
     4 | D        | Found a bloodstained altar of Trog.
     4 | D        | Found Piahang's Identification Station.
     5 | D        | Found Haopoeje's Jewellery.
     5 | D        | Found Hodi's Advanced Armour.
     5 | D        | Round 1.
     7 | D        | Found a glowing silver altar of Zin.
     9 | D        | Found a roughly hewn altar of Beogh.
    10 | D        | Found an ornate altar of the Wu Jian Council.
    10 | D        | Found a corrupted altar of Lugonu.
    10 | D        | Found a blossoming altar of Fedhas.
    10 | D        | Found Lopnop's Premium Goods.
    10 | D        | Found Mosh's Weapon Rack.
    11 | D        | Found Pieti's Miscellaneous Merchandise.
    11 | D        | Found Niecioll's Basic Armour.
    14 | D        | Found a hide-covered altar of Uskayaw.
    15 | D        | Found a glowing golden altar of the Shining One.
    16 | D        | Found a burning altar of Makhleb.
    17 | D        | Found Eniy's Do-It-Yourself Clinic.
    17 | D        | Found an iron altar of Okawaru.
    17 | D        | Found a shimmering blue altar of Sif Muna.
    17 | D        | Found an ancient bone altar of Kikubaaqudgha.
    17 | D        | Found Epeod's Distillery.
    18 | D        | Found Genel's Bottled Wisdom.
    18 | D        | Found Uciwy's Distillery.
    21 | D        | Found a snail-covered altar of Cheibriados.
    23 | D        | Noticed an iron imp
    25 | D        | Reached skill level 4 in Fire Magic
    25 | D        | Reached XP level 2. HP: 17/17 MP: 8/8
    26 | D        | Reached skill level 5 in Fire Magic
    28 | D        | Reached skill level 6 in Fire Magic
    28 | D        | Reached XP level 3. HP: 21/21 MP: 8/10
    29 | D        | Found an opulent altar of Gozag.
    29 | D        | Found Ykent's Staff Store.
    29 | D        | Found Beturgh's Magic Scroll Shop.
    30 | D        | Found Plog's Must-Have Magic.
    30 | D        | Found Kushrooth's Magic Scroll Shop.
    37 | D        | Became a worshipper of Gozag Ym Sagoz the Greedy
    49 | D        | Bought a flickering ruby amulet for 45 gold pieces
    49 | D        | Bought a smoking amber ring for 45 gold pieces
    49 | D        | Bought a transparent granite ring for 45 gold pieces
    49 | D        | Identified the amulet of Arrival {Spirit *Drain rElec
                  | Int+4} (You bought it in a shop in the Dungeon)
    50 | D        | Identified the cursed ring "Meseubb" {rC- rN++ EV-2} (You
                  | bought it in a shop in the Dungeon)
    51 | D        | Identified the ring of the Bouncing Scars {Ice *Drain rN++
                  | Int+3} (You bought it in a shop in the Dungeon)
   156 | D        | Lost dexterity.
   160 | D        | HP: 1/21 [quasit (1)]
   160 | D        | Slain by a quasit

Skill      XL: |  1  2 |
---------------+-------+-----
Dodging        | 3 4 |  4.2
Spellcasting   | 3 4 |  4.2
Fire Magic     | 4 6 |  6.9
Stealth        | 2 |  2.4
Conjurations   | |  1.4

Action                   || total
-------------------------++-------
 Cast: Flame Tongue      ||     3
Evoke: Wand              ||     2
Armor: Skin              ||    65
Dodge: Dodged            ||   114
Block: Other             ||    25
